 Dungeon Crawl Stone Soup version bcrawl-1.17.3 (webtiles) character file.

Game seed: 1482003602065111650

223 Chiseanne the Ducker (level 5, -2/38 HPs)
             Began as a Mummy Archaeologist on Oct 24, 2019.
             Was an Initiate of Gozag.
             Killed by a distortion unwield (40 damage)
             ... on level 4 of the Dungeon.
             The game lasted 00:04:21 (2583 turns).

Chiseanne the Ducker (Mummy Archaeologist)          Turns: 2583, Time: 00:04:21

Health: -2/38      AC: 10    Str: 14    XL:     5   Next: 66%
Magic:  5/5        EV: 13    Int: 15    God:    Gozag
Gold:   218        SH:  0    Dex: 10    Spells: 4/4 levels left

rFire    x . .     SeeInvis .   (no weapon)
rCold    + . .     Gourm    .   (no shield)
rNeg     + + +     Faith    .   m - +0 ring mail (curse)
rPois    ∞         Spirit   .   c - +2 hat
rElec    .         Reflect  .   b - +0 cloak
rCorr    .         Harm     .   (no gloves)
MR       .....     Clarity  +   d - +1 pair of boots
Stlth    +.........             (no amulet)
HPRegen  0.12/turn              (no ring)
MPRegen  0.09/turn              (no ring)

@: studying Dodging
A: no food or potions, fire vulnerability, clarity, cold resistance 1, negative
energy resistance 3, torment resistance, unbreathing
a: Potion Petition, Call Merchant, Bribe Branch, Renounce Religion


You were on level 4 of the Dungeon.
You worshipped Gozag.
Gozag was aware of your devotion.
You were not hungry.

You visited 1 branch of the dungeon, and saw 4 of its levels.

You collected 257 gold pieces.
You paid 39 gold pieces to Gozag.

Inventory:

Hand Weapons
 i - a +0 dagger of distortion
 t - a +3 whip of electrocution
Missiles
 g - 1067 stones (quivered)
 l - 357 sling bullets
 n - 276 poisoned needles
 o - 70 tomahawks of dispersal
 p - 653 arrows
 q - 37 needles of confusion
Armour
 b - a +0 cloak (worn)
 c - a +2 hat (worn)
 d - a +1 pair of boots (worn)
 m - a cursed +0 ring mail (worn)
Scrolls
 a - 2 scrolls of magic mapping
 s - a scroll of noise {unknown}
Books
 e - a manual of Dodging
Miscellaneous
 f - an ancient crate


   Skills:
 - Level 2.2 Fighting
 - Level 0.7 Maces & Flails
 + Level 6.4 Dodging
 - Level 2.6 Stealth


You had 4 spell levels left.
You didn't know any spells.
Your spell library was empty.

Dungeon Overview and Level Annotations

Branches:
Dungeon (4/12)
 Temple: D:4-7

Altars:
Gozag
Okawaru


Innate Abilities, Weirdness & Mutations

You do not eat or drink.
Your flesh is vulnerable to fire.
You are immune to poison.
You possess an exceptional clarity of mind.
Your flesh is cold resistant. (rC+)
You are immune to negative energy. (rN+++)
You are immune to unholy pain and torment.
You can survive without breathing.


Message History

Drop what? 20/52 slots (_ for help) (? for menu, Esc to quit)
You drop a cursed -2 whip.
As you read the scroll of identify, it crumbles to dust.
j - a cursed -3 spear Drop what? 19/52 slots (_ for help) (? for menu, Esc to quit)
You drop a cursed -3 spear.
You see here a cursed -3 spear.
As you read the scroll of identify, it crumbles to dust.
t - a +2 whip of electrocution
As you read the scroll labeled PIATZO LATY, it crumbles to dust.
It is a scroll of enchant weapon.
Your +2 whip of electrocution glows red for a moment.
Wield which item (- for none, * to show all)? (? for menu, Esc to quit)
Really unwield
i - a +0 dagger of distortion? [Y]es or [N]o only, please.
Really unwield
i - a +0 dagger of distortion?
You are crushed and pinned by an extremely strong localised spatial distortion!
Ouch! That really hurt!
You die...
Your body crumbles into a pile of gold.

.........#......##'#####
.........#......#...#...
.........#......#...#...
.......#......'...#...
.....#......#...#...
#...#......#####...
##...#..............
#..).#..............
#..@.#..............
+..).#..............
##...#..............
#...#......#####...
#...#......#..)#...
#...#......#...#...
#...#......#...###+
#...#......#.......
#...#......'.......


There were no monsters in sight!

Vanquished Creatures
  A crimson imp (D:4)
  An orc wizard (D:3)
  A bullfrog skeleton (D:3)
  4 adders
  An ooze (D:2)
  A worm (D:3)
  A dart slug (D:2)
  4 leopard geckos
  7 orcs
  A giant cockroach (D:1)
  9 goblins
  9 hobgoblins
  8 jackals
  2 quokkas (D:2)
  10 bats
  3 frilled lizards
  6 kobolds
  7 rats
76 creatures vanquished.

Notes
Turn   | Place    | Note
-------+----------+-------------------------------------------
     0 | D:1      | Chiseanne the Mummy Archaeologist began the quest for the
                  | Orb.
     0 | D:1      | Reached XP level 1. HP: 15/15 MP: 1/1
   258 | D:1      | Reached XP level 2. HP: 20/21 MP: 2/2
   921 | D:2      | Reached skill level 3 in Dodging
   921 | D:2      | Reached XP level 3. HP: 27/27 MP: 3/3
  1120 | D:2      | Reached skill level 4 in Dodging
  1243 | D:2      | Reached XP level 4. HP: 33/33 MP: 4/4
  1706 | D:3      | Found an opulent altar of Gozag.
  1723 | D:3      | Became a worshipper of Gozag Ym Sagoz the Greedy
  1805 | D:3      | Reached skill level 5 in Dodging
  1852 | D:3      | Reached XP level 5. HP: 26/38 MP: 5/5
  2275 | D:4      | Reached skill level 6 in Dodging
  2421 | D:4      | Found an iron altar of Okawaru.
  2583 | D:4      | Killed by a distortion unwield

Skill      XL: |  1  2  3  4  5 |
---------------+----------------+-----
Fighting       | 2 |  2.2
Dodging        | 3 4 5 6 |  6.4
Maces & Flails | |  0.7
Stealth        | |  2.6

Action                   |  1- 3 |  4- 6 || total
-------------------------+-------+-------++-------
Melee: Dagger            |   139 |   121 ||   260
       Whip              |    11 |       ||    11
  Use: Scroll            |     3 |     7 ||    10
 Stab: Sleeping          |     6 |       ||     6
Armor: Robe              |    44 |       ||    44
       Ring mail         |    42 |    56 ||    98
Dodge: Dodged            |    82 |    65 ||   147
